 Dungeon Crawl Stone Soup version 0.30-a0-122-g2a1322497e (webtiles) character file.

Game seed: 5256251881250868965

2092 GandalfHyperdrive the Geomancer (level 9, -1/45 HPs)
             Began as a Gargoyle Earth Elementalist on Sept 17, 2022.
             Slain by an unseen horror zombie (2 damage)
             ... on level 6 of the Dungeon.
             The game lasted 00:57:50 (9128 turns).

GandalfHyperdrive the Geomancer (GrEE)              Turns: 9128, Time: 00:57:50

Health: -1/45      AC: 15    Str: 12    XL:     9   Next: 27%
Magic:  13/21      EV: 11    Int: 20    God:
Gold:   478        SH:  0    Dex: 10    Spells: 20/24 levels left

rFire   . . .      SeeInvis +    Q - +4 mace
rCold   x . .      Faith    .    (no shield)
rNeg    + . .      Spirit   .    v - +2 robe {Will+}
rPois   ∞          Reflect  .    (helmet restricted)
rElec   +          Harm     .    J - +0 cloak
rCorr   .          Rampage  .    (no gloves)
Will    +....                    (no boots)
Stlth   ++........               (no amulet)
HPRegen 0.15/turn                d - ring of see invisible
MPRegen 0.17/turn                c - +4 ring of protection

@: very slightly contaminated, unable to read
A: sickness immunity, AC +6, negative energy resistance 1, electricity
resistance, torment resistance 1, petrification resistance, horns 1, cold
vulnerability 1, inability to read after injury 1
a: no special abilities


You were on level 6 of the Dungeon.
You visited 2 branches of the dungeon, and saw 7 of its levels.

You collected 478 gold pieces.

Inventory:

Hand Weapons
 j - a +0 whip
 m - a +0 sling
 u - a +0 quarterstaff
 y - a +2 whip of venom
 F - a +0 short sword of distortion
 H - a +0 club
 I - a +2 quarterstaff of chaos
 M - a +2 antimagic dagger
 Q - a +4 mace (weapon)
 R - a +5 mace
 S - a +0 club
 T - a +0 hand axe
 U - a +0 whip
Missiles
 i - 78 stones
 k - 2 throwing nets
 q - 11 poisoned darts
 D - 3 curare-tipped darts
Armour
 a - a +0 robe
 o - a +0 robe
 v - a +2 robe of willpower (worn)
 J - a +0 cloak (worn)
Magical Staves
 L - a staff of conjuration
 P - a staff of death
Jewellery
 c - a +4 ring of protection (right hand)
 d - a ring of see invisible (left hand)
 O - a ring of protection from fire
 W - a ring of fire
Wands
 p - a wand of charming (10)
Scrolls
 e - 7 scrolls of identify {unknown}
 g - a scroll of amnesia {unknown}
 s - a scroll of enchant weapon {unknown}
 w - 3 scrolls of fear {unknown}
 x - a scroll of poison {unknown}
 z - 2 scrolls of fog {unknown}
 A - 2 scrolls of vulnerability {unknown}
 B - 2 scrolls of immolation {unknown}
 E - a scroll of enchant armour {unknown}
 G - 2 scrolls of teleportation {unknown}
 K - a scroll of magic mapping {unknown}
Potions
 b - 2 potions of magic
 f - 2 potions of cancellation {unknown}
 h - a potion of curing {unknown}
 l - 5 potions of flight {unknown}
 n - a potion of attraction {unknown}
 r - a potion of berserk rage {unknown}
 t - 3 potions of ambrosia {unknown}
 C - 2 potions of heal wounds {unknown}
 N - a potion of resistance {unknown}
 V - a potion of degeneration {unknown}
 X - a potion of mutation {unknown}


   Skills:
 - Level 1.5 Dodging
 - Level 2.1 Stealth
 + Level 8.0 Spellcasting
 - Level 0.7 Transmutations
 + Level 10.7 Earth Magic


You had 20 spell levels left.
You knew the following spells:

 Your Spells              Type           Power      Damage    Failure   Level
a - Sandblast             Erth           100%       2d20      1%          1
b - Stone Arrow           Conj/Erth      58%        3d10      2%          3

Your spell library contained the following spells:

 Spells                   Type           Power      Damage    Failure   Level
 Passwall                 Tmut/Erth      25%        N/A       1%          2
 Beastly Appendage        Tmut           20%        N/A       6%          1
 Petrify                  Tmut/Erth      31%        N/A       8%          4
 Wereblood                Tmut           10%        N/A       10%         2
 Spider Form              Tmut/Pois      9%         N/A       22%         3


Dungeon Overview and Level Annotations

Branches:
Dungeon (6/15)             Temple (1/1) D:5

Altars:
Ashenzari
Cheibriados
Dithmenos
Elyvilon
Fedhas
Gozag
Hepliaklqana
Kikubaaqudgha
Nemelex Xobeh
Okawaru
Qazlal
Ru
Sif Muna
Trog
Uskayaw
Xom
Yredelemnul
Zin
The Shining One

Annotations:
D:6 passata's ghost, novice FoFi


Innate Abilities, Weirdness & Mutations

You are immune to sickness and miasma.
Your stone body is resilient. (AC +6)
You are immune to poison.
You resist negative energy. (rN+)
You are resistant to electric shocks. (rElec)
You are resistant to unholy torment.
You are immune to petrification.
You have a pair of small horns on your head.
You are vulnerable to cold. (rC-)
You occasionally lose the ability to read scrolls when taking damage.


Message History

The unseen horror zombie hits you. The unseen horror skeleton hits you.
The unseen horror zombie hits you but does no damage.
The howler monkey skeleton hits you but does no damage.
Passata's ghost hits you. Passata's ghost freezes you.
The unseen horror skeleton hits you. The unseen horror zombie hits you.
The unseen horror skeleton attacks as you move away!
The unseen horror skeleton hits you.
The unseen horror zombie hits you but does no damage.
The unseen horror skeleton hits you.
* * * LOW HITPOINT WARNING * * *
The unseen horror zombie hits you.
* * * LOW HITPOINT WARNING * * *
The unseen horror zombie hits you but does no damage.
Casting: Stone Arrow (dangerous; 2% risk of failure)
Confirm with . or Enter, or press ? or * to list all spells.
You don't know that spell.
Casting: Stone Arrow (dangerous; 2% risk of failure)
Confirm with . or Enter, or press ? or * to list all spells.
Aiming: Stone Arrow (dangerous; 2% risk of failure)
Press: ? - help, Shift-Dir - straight line, f/p - passata's ghost
Aim: passata's ghost, wielding a weapon of freezing (lightly damaged, 75% to hit)
You miscast Stone Arrow.
You are very lightly contaminated with residual magic.
Nothing appears to happen.
The unseen horror zombie hits you but does no damage.
The unseen horror zombie hits you.
* * * LOW HITPOINT WARNING * * *
The howler monkey skeleton misses you.
The unseen horror zombie barely misses you.
The unseen horror zombie hits you but does no damage.
The unseen horror zombie closely misses you.
The unseen horror skeleton attacks as you move away!
The unseen horror skeleton hits you.
You feel threatened and lose the ability to read scrolls!
* * * LOW HITPOINT WARNING * * *
The unseen horror skeleton hits you.
* * * LOW HITPOINT WARNING * * *
The unseen horror skeleton hits you but does no damage.
The unseen horror zombie hits you.
You die...

..###..#.#.......................
.......#.##.......<...........)..
..###.....#.#...>................
..# #............................
..#####..........................
.................)...............
..####..................#####....
..# #.#.##.#...........#...##...
..# #.#.##.#...@....#..#..#.#...
### #.#.##.#..ZZZ......#....#...
#.########.W............#...
#.##.#.#.#....####.#.####...
######.##.....#..................
#......###=...'.........#).......
#.......#.!...'......#..#..#.....
........##$...'.........#........
........#.....#.........#........


You could see passata's ghost, an unseen horror zombie, an unseen horror
skeleton and a howler monkey skeleton.

Vanquished Creatures
  An orc warrior (D:6)
  An ice beast (D:5)
  2 black bears
  5 kobold brigands
  3 scorpions (D:6)
  2 elf skeletons (D:4)
  5 wights (D:6)
  3 orc priests
  Crazy Yiuf (D:3)
  A gnoll bouda (D:5)
  3 hounds (D:5)
  A human zombie (D:4)
  Jessica (D:3)
  4 iguanas
  A human skeleton (D:4)
  13 gnolls
  6 adders
  A shadow imp (D:6)
  A white imp (D:6)
  5 worms
  4 dart slugs
  17 orcs
  8 ball pythons
  6 endoplasms
  7 giant cockroaches
  12 hobgoblins
  4 jackals (D:4)
  6 quokkas
  10 bats
  2 frilled lizards
  6 goblins
  49 kobolds
  2 orc skeletons (D:4)
  13 rats
206 creatures vanquished.

Vanquished Creatures (others)
  A gnoll (D:4)
1 creature vanquished.

Grand Total: 207 creatures vanquished

Notes
Turn   | Place    | Note
-------+----------+-------------------------------------------
     0 | D:1      | GandalfHyperdrive the Gargoyle Earth Elementalist began the
                  | quest for the Orb.
     0 | D:1      | Reached XP level 1. HP: 10/10 MP: 3/3
   180 | D:1      | Reached skill level 4 in Earth Magic
   180 | D:1      | Reached XP level 2. HP: 2/15 MP: 1/5
   794 | D:1      | Reached XP level 3. HP: 19/19 MP: 4/6
   979 | D:1      | Found an ancient bone altar of Kikubaaqudgha.
  1601 | D:2      | Reached XP level 4. HP: 23/24 MP: 6/8
  1614 | D:2      | Learned a level 3 spell: Stone Arrow
  1733 | D:2      | Reached skill level 5 in Earth Magic
  2709 | D:3      | Noticed Jessica
  2712 | D:3      | Killed Jessica
  2713 | D:3      | Reached XP level 5. HP: 28/28 MP: 8/10
  3125 | D:3      | Noticed a kobold brigand
  3146 | D:3      | Killed a kobold brigand
  3163 | D:3      | Reached skill level 6 in Earth Magic
  3283 | D:3      | Noticed a kobold brigand
  3295 | D:3      | Reached XP level 6. HP: 32/32 MP: 8/12
  3748 | D:3      | Reached skill level 7 in Earth Magic
  3748 | D:3      | Reached XP level 7. HP: 30/36 MP: 8/14
  3813 | D:3      | Reached skill level 5 in Spellcasting
  4078 | D:3      | Found a runed translucent door.
  4079 | D:3      | Noticed Crazy Yiuf
  4085 | D:3      | Killed Crazy Yiuf
  4373 | D:4      | Found a white marble altar of Elyvilon.
  5507 | D:4      | Reached skill level 8 in Earth Magic
  5662 | D:4      | Reached XP level 8. HP: 39/41 MP: 1/17
  6079 | D:5      | Entered Level 5 of the Dungeon
  6325 | D:5      | Reached skill level 9 in Earth Magic
  6634 | D:5      | Found a staircase to the Ecumenical Temple.
  7072 | Temple   | Entered the Ecumenical Temple
  8128 | D:6      | Gained mutation: You are vulnerable to cold. (rC-)
                  | [mutagenic glow]
  8135 | D:6      | Reached skill level 10 in Earth Magic
  8138 | D:6      | Gained mutation: You have a pair of small horns on your
                  | head. [mutagenic glow]
  8152 | D:6      | Gained mutation: You occasionally lose the ability to read
                  | scrolls when taking damage. [mutagenic glow]
  8155 | D:6      | Reached XP level 9. HP: 30/45 MP: 2/20
  8428 | D:6      | Found a runed translucent gate.
  8428 | D:6      | Found a runed translucent gate.
  8432 | D:6      | Found a runed translucent gate.
  8444 | D:6      | Noticed passata's ghost (novice FoFi)
  8531 | D:6      | Found a bloodstained altar of Trog.
  9128 | D:6      | HP: 1/45 [unseen horror skeleton (2)]
  9128 | D:6      | Slain by an unseen horror zombie

Illustrated notes

Levels and vault maps discovered:
D:1:      dpeg_arrival_water_altar, layout_rooms, st_stairs_8,
          chequers_serial_rivers_small_b
D:2:      layout_loops_corners
D:3:      minmay_goblin_kobold_castle, layout_basic, uniq_jessica,
          uniq_crazy_yiuf_cottage
D:4:      layout_rooms, nicolae_elyvilon_peaceful_grove, gup_sewer_entry_spiral,
          nicolae_ossuary_entry_catacombs, kennysheep_flooded_box, st_stairs_6,
          minmay_misc_feat_four_crosses, minmay_misc_feat_x
D:5:      layout_rooms, minmay_temple_entry_proselytizer
D:6:      layout_basic, trog_butcher_becter, gammafunk_ghost_necromancy,
          hangedman_abyss_or_decor_passed
Temple:   nicolae_temple_x_marks_the_god

Skill      XL: |  1  2  3  4  5  6  7  8  9 |
---------------+----------------------------+-----
Earth Magic    | 4 5 6 7 8 10 | 10.7
Spellcasting   | 3 4 6 7 8 |  8.0
Dodging        | |  1.5
Stealth        | |  2.1
Transmutations | |  0.7

Action                   |  1- 3 |  4- 6 |  7- 9 || total
-------------------------+-------+-------+-------++-------
Melee: Unarmed           |     7 |       |       ||     7
       Whip              |    75 |   136 |       ||   211
       Punch             |     1 |     1 |     2 ||     4
       Quarterstaff      |       |    14 |       ||    14
       Short sword       |       |    13 |   158 ||   171
       Mace              |       |       |     4 ||     4
 Cast: Sandblast         |    29 |    69 |    49 ||   147
       Stone Arrow       |       |     1 |    55 ||    56
Evoke: Wand              |       |       |     2 ||     2
 Stab: Sleeping          |     4 |       |     2 ||     6
Armor: Robe              |    49 |    94 |   120 ||   263
Dodge: Dodged            |    64 |   152 |   117 ||   333

Table legend: (Time is in decaauts)
 A = Elapsed time spent in this place.
 B = Non-inter-level travel time spent in this place.
 C = Inter-level travel time spent in this place.
 D = Time resting spent in this place.
 E = Time spent auto-exploring this place.
 F = Levels seen in this place.
 G = Mean time per level.
                   A        B        C        D        E       F      G
               +--------+--------+--------+--------+--------+-----+--------+
         Total |   9278 |   9176 |    102 |   1944 |   3431 |   7 | 1325.4 |
       Dungeon |   8791 |   8689 |    102 |   1744 |   3431 |   6 | 1465.2 |
        Temple |    486 |    486 |      0 |    200 |      0 |   1 |  486.0 |
               +--------+--------+--------+--------+--------+-----+--------+

Top non-repeatable levels by time:
     D:3: 1850 daAuts
     D:4: 1848 daAuts
     D:6: 1499 daAuts
     D:2: 1492 daAuts
     D:5: 1076 daAuts
     D:1: 1023 daAuts
  Temple: 486 daAuts
